 Dungeon Crawl Stone Soup version 0.32-a0-132-g2d33c3cfaf (webtiles) character file.

Game seed: 226097894352451275

389 Ge0ff the Poker (level 6, 0/47 HPs)
             Began as a Mummy Chaos Knight on Feb 9, 2024.
             Incinerated by a bombardier beetle (4 damage)
             ... with a burning spray
             ... on level 4 of the Dungeon.
             The game lasted 00:10:21 (8009 turns).

Ge0ff the Poker (Mummy Chaos Knight)                Turns: 8009, Time: 00:10:21

Health: 0/47       AC:  7    Str: 17    XL:     6   Next: 50%
Magic:  10/10      EV: 11    Int: 12    God:
Gold:   189        SH:  0    Dex: 11    Spells: 6/10 levels left

rFire   x . .        a - +0 spear (chaos)
rCold   + . .        (no shield)
rNeg    + + +        Z - +2 leather armour
rPois   ∞            (no helmet)
rElec   .            N - +1 cloak
rCorr   .            (no gloves)
SInv    .            (no boots)
Will    .....        (no amulet)
Stlth   +            (no ring)
HPRegen 0.27/turn    (no ring)
MPRegen 0.12/turn

%: faith
@: on fire, glowing
A: cold resistance 1, negative energy resistance 3, torment resistance 2, heat
vulnerability 1, in touch with death 1, no potions, faith
a: no special abilities


You were on level 4 of the Dungeon.
You visited 1 branch of the dungeon, and saw 5 of its levels.

You collected 189 gold pieces.

Inventory:

Hand Weapons
 a - a +0 spear of chaos (weapon)
 b - a +0 trident
 I - the +2 rapier of Wamubb {flame, rF+ Dex+3}
   (You found it on level 4 of the Dungeon)

   Dex+3:     It affects your dexterity (+3).
   rF+:       It protects you from fire.
 M - a +4 flail of chaos
 O - a +0 sling
 Q - a +0 quarterstaff
 U - a +0 orcbow
Missiles
 P - 2 poisoned darts
 W - 21 stones (quivered)
Armour
 L - a +0 scale mail
 N - a +1 cloak (worn)
 R - a scarf of invisibility
 Z - a +2 leather armour (worn)
Scrolls
 m - 2 scrolls of revelation
 J - a scroll of enchant armour {unknown}
 K - a scroll of acquirement {unknown}
 S - a scroll of butterflies
 T - 4 scrolls of teleportation
 V - a scroll of vulnerability
 X - a scroll of immolation {unknown}
 Y - a scroll of summoning {unknown}


   Skills:
 - Level 3.0 Fighting
 * Level 4.9 Polearms
 - Level 1.5 Armour
 - Level 0.7 Dodging
 + Level 2.8 Spellcasting
 + Level 1.9 Hexes
 + Level 1.8 Translocations


You had 6 spell levels left.
You knew the following spells:

 Your Spells              Type           Power      Damage    Failure   Level
s - Jinxbite              Hex            12%        N/A       21%         2
B - Blink                 Tloc           12%        N/A       22%         2

Your spell library contained the following spells:

 Spells                   Type           Power      Damage    Failure   Level
 Apportation              Tloc           12%        N/A       14%         1
 Magic Dart               Conj           4%         1d3       30%         1
 Summon Small Mammal      Summ           4%         N/A       30%         1
 Call Imp                 Summ           2%         N/A       41%         2
 Call Canine Familiar     Summ           1%         N/A       65%         3
 Summon Blazeheart Golem  Fire/Summ      1%         N/A       96%         4
 Alistair's Intoxication  Alch           0%         N/A       100%        5
 Summon Hydra             Summ           0%         N/A       100%        7
 Sublimation of Blood     Necr           Unusable   N/A       N/A         2

Dungeon Overview and Level Annotations

Branches:
Dungeon (5/15) Zot: 22006
 Temple: D:4-7

Altars:
Xom

Annotations:
D:2 Sigmund
D:3 3 runed translucent doors, Zing's ghost, amateur DjIE


Innate Abilities, Weirdness & Mutations

You are immune to poison.
Your flesh is cold resistant. (rC+)
You are immune to negative energy. (rN+++)
You are immune to unholy pain and torment.
You are vulnerable to heat. (rF-)
You are in touch with the powers of death.
You do not drink.
You have a special connection with the divine. (Faith)


Message History

t - Shout!
Orders for allies: a - Attack new target. r - Retreat! s - Stop attacking. g - Guard the area. f - Follow me.
Anything else - Cancel.
You shout for attention!
You reach to attack!
You closely miss the hound. The hound closely misses you.
You hit the hound.
The hound blinks!
The hound is moderately wounded.
You hit the hound.
The hound is poisoned.
The hound is severely wounded.
The hound misses you.
An orc comes into view. It is wielding a +0 club.
A bombardier beetle comes into view.
You hit the hound. You burn the hound.
You kill the hound!
You reach to attack!
You hit the orc.
The orc is poisoned.
The orc is heavily wounded.
You reach to attack!
You closely miss the orc.
The orc is heavily wounded.
The bombardier beetle sprays incendiary fluid at you.
The burning spray hits you.
You are covered in liquid fire!
You hit the orc. You freeze the orc.
You kill the orc!
The liquid fire burns you!
An orc wizard comes into view. It is wielding a +0 dagger.
The liquid fire burns you!
The orc wizard shouts!
The orc wizard points at you and mumbles some strange words.
The puff of flame hits you! The fire burns you terribly!
The bombardier beetle sprays incendiary fluid at you.
The burning spray hits you.
You are even more covered in liquid fire!
You shake off some of the fire as you move.
You climb upwards.
The liquid fire burns you!
There is a stone staircase leading down here.
You shake off some of the fire as you move.
The liquid fire burns you!
You shake off some of the fire as you move.
The liquid fire burns you!
* * * LOW HITPOINT WARNING * * *
You shake off some of the fire as you move.
The liquid fire burns you!
* * * LOW HITPOINT WARNING * * *
You shake off some of the fire as you move.
The liquid fire burns you!
You die... "Huh?
Did I miss anything?"

#### ##.####..## #..# ##..#
### #...#..## ##.####....
#.## ##.....# ###...##.....
##.###.....####........###.
#......###..#....####.## ##
#...#### #.....### #..#
#...## #...### ##.# ###..#
##...)## #.####
##.####.@...>## #.....
##...........### #.....
##........##...####..###
#..###...#####...#>...##
##.## ##)## ##......... #.##
##.## ##........ ##.#
##...## ##........#
##.#####.....####.........#
##..###....##.......#.......


There were no monsters in sight!

Vanquished Creatures
  A phantom (D:2)
  A hound (D:5)
  An orc priest (D:3)
  Terence (D:3)
  2 orc wizards
  8 adders
  2 ufetubi (D:4)
  A dart slug (D:3)
  A ribbon worm (D:2)
  18 orcs
  6 ball pythons
  7 endoplasms
  A giant cockroach (D:3)
  5 goblins
  6 hobgoblins
  2 jackals (D:1)
  3 kobolds
  A quokka (D:2)
  3 bats (D:2)
  12 frilled lizards
  A rat (D:2)
83 creatures vanquished.

Vanquished Creatures (others)
  2 hobgoblins (D:1)
  A ball python (D:1)
  2 bats (D:1)
  2 kobolds (D:1)
  A kobold zombie (D:2)
  A rat (D:1)
9 creatures vanquished.

Grand Total: 92 creatures vanquished

Notes
Turn   | Place    | Note
-------+----------+-------------------------------------------
     0 | D:1      | Ge0ff the Mummy Chaos Knight began the quest for the Orb.
     0 | D:1      | Reached XP level 1. HP: 18/18 MP: 1/1
     0 | D:1      | Fell from the grace of Xom
   816 | D:1      | Reached skill level 3 in Polearms
   816 | D:1      | Reached XP level 2. HP: 24/24 MP: 2/2
  2100 | D:2      | XOM: scenery: create altars
  2337 | D:2      | Reached XP level 3. HP: 24/29 MP: 3/3
  2548 | D:2      | XOM: summons 14 hostile demons
  2549 | D:2      | Noticed an ice devil
  2549 | D:2      | Noticed a chaos spawn
  2549 | D:2      | Noticed a hellwing
  2549 | D:2      | Noticed an orange demon
  2600 | D:3      | XOM: summons 1 hostile demon
  3553 | D:2      | Learned a level 2 spell: Blink
  4368 | D:2      | Noticed Sigmund
  4766 | D:3      | XOM: stat loss: -2 Str (15/17)
  4803 | D:3      | Reached XP level 4. HP: 32/35 MP: 3/5
  4839 | D:3      | Learned a level 2 spell: Jinxbite
  4864 | D:3      | Reached skill level 4 in Polearms
  4867 | D:3      | Noticed Zing's ghost (amateur DjIE)
  4873 | D:3      | Noticed Terence
  4916 | D:4      | XOM: god gift: orcbow {god gift}
  5009 | D:3      | Found a runed translucent gate.
  5009 | D:3      | Found a runed translucent gate.
  5009 | D:3      | Found a runed translucent gate.
  5151 | D:3      | Reached skill level 1 in Spellcasting
  5154 | D:3      | Noticed a phantom
  5251 | D:2      | Killed a phantom
  5252 | D:2      | Reached skill level 1 in Hexes
  5252 | D:2      | Reached skill level 1 in Translocations
  5252 | D:2      | Reached XP level 5. HP: 25/41 MP: 5/7
  5608 | D:3      | XOM: chaos upgrade
  6151 | D:3      | Killed Terence
  6152 | D:3      | Reached XP level 6. HP: 40/47 MP: 9/9
  7406 | D:4      | Identified the +2 rapier of Wamubb {flame, rF+ Dex+3}
  7500 | D:5      | Entered Level 5 of the Dungeon
  8009 | D:4      | Incinerated by a bombardier beetle

Illustrated notes

Levels and vault maps discovered:
D:1:      kilobyte_arrival_exit_the_forest, layout_rooms,
          minmay_misc_feat_ornament
D:2:      layout_basic, minmay_lizard_pond, uniq_sigmund
D:3:      layout_loops_ring, gammafunk_ghost_split, uniq_terence
D:4:      layout_layer_cave, amcnicky_mini_pool_small
D:5:      layout_rooms, grunt_temple_overflow_champion_of_chaos,
          solitary_fountain, nicolae_wormholes

Skill      XL: |  1  2  3  4  5 |
---------------+----------------+-----
Polearms       | 3 4 |  4.9
Spellcasting   | 1 2 |  2.8
Hexes          | 1 |  1.9
Translocations | 1 |  1.8
Fighting       | |  3.0
Armour         | |  1.5
Dodging        | |  0.7

Action                     |  1- 3 |  4- 6 || total
---------------------------+-------+-------++-------
  Melee: Spear             |   161 |   198 ||   359
         Punch             |     2 |     7 ||     9
 Invoke: Renounce Religion |     1 |       ||     1
    Use: Scroll            |       |     4 ||     4
   Stab: Distracted        |     1 |       ||     1
         Petrifying        |     2 |       ||     2
         Petrified         |     1 |       ||     1
 Armour: Leather armour    |    79 |    67 ||   146
  Dodge: Dodged            |    64 |    76 ||   140

Table legend: (Time is in decaauts)
 A = Elapsed time spent in this place.
 B = Non-inter-level travel time spent in this place.
 C = Inter-level travel time spent in this place.
 D = Time resting spent in this place.
 E = Time spent auto-exploring this place.
 F = Levels seen in this place.
 G = Mean time per level.
                   A        B        C        D        E       F      G
               +--------+--------+--------+--------+--------+-----+--------+
         Total |   7993 |   7776 |    217 |   3097 |   3546 |   5 | 1598.6 |
       Dungeon |   7993 |   7776 |    217 |   3097 |   3546 |   5 | 1598.6 |
               +--------+--------+--------+--------+--------+-----+--------+

Top non-repeatable levels by time:
     D:2: 2289 daAuts
     D:1: 2065 daAuts
     D:3: 1996 daAuts
     D:4: 1349 daAuts
     D:5: 293 daAuts
